 Dungeon Crawl Stone Soup version 0.28.0-45-g0d030f2227 (webtiles) character file.

Game seed: 1031335015522480121

74 pkoi the Gusty (level 3, 0/26 HPs)
             Began as a Demigod Air Elementalist on Apr 18, 2022.
             Slain by an adder (4 damage)
             ... on level 2 of the Dungeon.
             The game lasted 00:03:37 (2276 turns).

pkoi the Gusty (Demigod Air Elementalist)           Turns: 2276, Time: 00:03:38

Health: 0/26       AC:  2    Str:  9    XL:     3   Next: 86%
Magic:  0/8        EV: 12    Int: 21    God:
Gold:   72         SH:  0    Dex: 14    Spells: 2/5 levels left

rFire   . . .      SeeInvis .   b - +0 dagger
rCold   . . .      Faith    .   (no shield)
rNeg    . . .      Spirit   .   a - +0 robe
rPois   .          Reflect  .   (no helmet)
rElec   .          Harm     .   (no cloak)
rCorr   .          Rampage  .   (no gloves)
Will    +....                   (no boots)
Stlth   ++........              (no amulet)
HPRegen 0.08/turn               f - ring of willpower
MPRegen 0.11/turn               (no ring)

@: mighty
A: high MP 1, forlorn, divine attributes
a: no special abilities


You were on level 2 of the Dungeon.
You visited 1 branch of the dungeon, and saw 2 of its levels.

You collected 72 gold pieces.

Inventory:

Hand Weapons
 b - a +0 dagger (weapon)
Armour
 a - a +0 robe (worn)
Jewellery
 f - a ring of willpower (left hand)
Scrolls
 c - a scroll of enchant weapon {unknown}
 d - a scroll of magic mapping {unknown}
 e - a scroll of fog {unknown}
 g - a scroll of teleportation {unknown}
Potions
 i - a potion of flight {unknown}
 j - a potion of haste {unknown}


   Skills:
 - Level 1.7 Dodging
 - Level 1.7 Stealth
 + Level 1.9 Spellcasting
 * Level 1.2 Conjurations
 * Level 4.3 Air Magic


You had 2 spell levels left.
You knew the following spells:

 Your Spells              Type           Power      Damage    Failure   Level
a - Shock                 Conj/Air       52%        1d6       4%          1
b - Static Discharge      Conj/Air       13%        N/A       7%          2

Your spell library contained the following spells:

 Spells                   Type           Power      Damage    Failure   Level
 Swiftness                Air            20%        N/A       8%          3
 Airstrike                Air            10%        N/A       24%         4
 Ozocubu's Armour         Ice            1%         N/A       41%         3
 Ozocubu's Refrigeration  Ice            0%         4d5       100%        7


Dungeon Overview and Level Annotations

Branches:
Dungeon (2/15)


Innate Abilities, Weirdness & Mutations

You have an increased reservoir of magic. (+10% MP)
You shall have no god before yourself.
Your divine heritage dramatically boosts your attributes as you level up.


Message History

* * * LOW HITPOINT WARNING * * *
Aiming: Shock (safe; 4% risk of failure)
Press: ? - help, Q - select action, (/) - cycle Shift-Dir - straight line The zap misses the adder.
You feel sick. The adder barely misses you.
Unknown command.
Aiming: Shock (safe; 4% risk of failure)
Press: ? - help, Q - select action, (/) - cycle Shift-Dir - straight line The zap misses the adder.
You feel sick. The adder completely misses you.
Unknown command.
You don't have enough magic to cast this spell.
You hit the adder.
The adder is severely wounded.
You feel sick. The adder closely misses you. The adder barely misses you.
You barely miss the adder.
The adder is severely wounded.
You feel sick. The adder barely misses you.
Your magical contamination has completely faded away.
You hit the adder but do no damage.
The adder is severely wounded.
You feel sick.
You are no longer poisoned.
The adder misses you.
You hit the adder but do no damage.
The adder is severely wounded.
The adder bites you.
* * * LOW HITPOINT WARNING * * *
You closely miss the adder.
The adder is severely wounded.
The adder barely misses you. The adder bites you.
* * * LOW HITPOINT WARNING * * *
You hit the adder.
The adder is almost dead.
The adder bites you.
* * * LOW HITPOINT WARNING * * *
It was a potion of might.
You feel very mighty all of a sudden. The adder bites you.
You die...

♣ ♣♣♣♣♣♣♣.♣♣
#..
♣♣...♣♣..♣
#.
♣♣.♣♣.♣..♣♣
.##.
♣.♣♣♣♣.♣†♣♣♣
.... ♣♣.♣
♣♣♣...♣♣♣♣
##.. ♣♣.♣
♣♣.♣.♣.♣♣
.... ...♣♣
♣♣♣♣...♣♣
.... ....♣
♣♣♣..♣ #
.... ..♣.♣
♣♣@♣#..#
[... ♣♣♣.♣♣
♣.S...# ....
♣ ♣..♣♣
♣♣♣#....#
.... ♣ ♣♣..♣
...# ♣ ♣..♣♣
... ♣ ♣♣..♣
.. ♣ ♣..♣
♣♣♣ . ♣
♣♣.♣♣ ♣.♣ ♣
♣..♣ ♣.♣♣♣


You could see an adder.

Vanquished Creatures
  An adder (D:2)
  A dart slug (D:1)
  4 bats
  5 endoplasms (D:1)
  2 giant cockroaches (D:1)
  4 goblins
  7 hobgoblins
  9 jackals (D:1)
  6 quokkas
  7 ball pythons
  5 kobolds
  2 rats
53 creatures vanquished.

Notes
Turn   | Place    | Note
-------+----------+-------------------------------------------
     0 | D:1      | pkoi the Demigod Air Elementalist began the quest for the
                  | Orb.
     0 | D:1      | Reached XP level 1. HP: 14/14 MP: 5/5
    66 | D:1      | Reached skill level 3 in Air Magic
   156 | D:1      | Reached XP level 2. HP: 20/20 MP: 0/7
   871 | D:1      | Reached XP level 3. HP: 26/26 MP: 6/8
   919 | D:1      | Reached skill level 4 in Air Magic
  1577 | D:1      | Learned a level 2 spell: Static Discharge
  1813 | D:2      | Reached skill level 1 in Conjurations
  2276 | D:2      | Slain by an adder

Illustrated notes

Levels and vault maps discovered:
D:1:      tarquinn_simple_flora_water_e, layout_rooms,
          hellmonk_ecumenical_altar_prayer_group, minmay_pentomino_o2
D:2:      kb_forest_paths, layout_rooms, basic_altar, minmay_misc_feat_roman,
          grunt_decor_clamped

Skill      XL: |  1  2  3 |
---------------+----------+-----
Air Magic      | 3 4 |  4.3
Conjurations   | 1 |  1.2
Dodging        | |  1.7
Stealth        | |  1.7
Spellcasting   | |  1.9

Action                   || total
-------------------------++-------
Melee: Dagger            ||    22
 Cast: Shock             ||    93
  Use: Potion            ||     1
Armor: Robe              ||     6
Dodge: Dodged            ||    33
